 Dungeon Crawl Stone Soup version 0.31-a0-1237-gabc64e778c (webtiles) character file.

Game seed: 571251105230473855

81 olourkin the Cudgeller (level 4, 0/34 HPs)
             Began as an Armataur Fighter on Dec 16, 2023.
             Slain by an ice beast (5 damage)
             ... on level 3 of the Dungeon.
             The game lasted 00:08:21 (1579 turns).

olourkin the Cudgeller (Armataur Fighter)           Turns: 1579, Time: 00:08:21

Health: 0/34       AC:  8    Str: 23    XL:     4   Next: 19%
Magic:  4/4        EV:  6    Int:  9    God:
Gold:   98         SH:  7    Dex:  9    Spells: 3/3 levels left

rFire   . . .        d - +2 mace (drain)
rCold   . . .        g - +0 kite shield
rNeg    . . .        b - +0 scale mail
rPois   .            l - +0 helmet
rElec   .            (no cloak)
rCorr   +            (no gloves)
SInv    .            (no barding)
Will    .....        (no amulet) Stlth
                     m - ring of resist corrosion
HPRegen 0.25/turn    (no ring)
MPRegen 0.09/turn

%: roll
@: no status effects
A: large, deformed body, tough skin 3, armoured tail, roll 1, long tongue
a: no special abilities


You were on level 3 of the Dungeon.
You visited 1 branch of the dungeon, and saw 3 of its levels.

You collected 98 gold pieces.

Inventory:

Hand Weapons
 a - a +0 flail
 d - a +2 mace of draining (weapon)
 n - a +1 mace of protection
 t - a +0 whip of venom
Missiles
 e - 12 stones
 k - 2 atropa-tipped darts
 u - 6 poisoned darts (quivered)
Armour
 b - a +0 scale mail (worn)
 c - a +0 buckler
 g - a +0 kite shield (worn)
 l - a +0 helmet (worn)
Jewellery
 m - a ring of resist corrosion (left hand)
 w - a ring of ice
Scrolls
 i - 3 scrolls of enchant weapon {unknown}
 o - 2 scrolls of teleportation {unknown}
 q - a scroll of immolation {unknown}
 r - 2 scrolls of identify {unknown}
 s - a scroll of torment {unknown}
 v - a scroll of revelation {unknown}
Potions
 f - a potion of curing {unknown}
 h - a potion of heal wounds {unknown}
 j - a potion of resistance {unknown}
 p - a potion of mutation {unknown}


   Skills:
 - Level 2.6 Fighting
 * Level 4.1 Maces & Flails
 - Level 3.6 Armour
 - Level 3.2 Shields


You had 3 spell levels left.
You didn't know any spells.
Your spell library contained the following spells:

 Spells                   Type           Power      Damage    Failure   Level
 Magic Dart               Conj           0%         1d3       92%         1
 Necrotise                Necr           0%         1d4       92%         1
 Call Imp                 Summ           0%         N/A       98%         2
 Cigotuvi's Dreadful Rot  Necr/Pois/Air  0%         N/A       98%         2
 Ignite Poison            Fire/Tmut/Pois 0%         N/A       100%        3
 Mephitic Cloud           Conj/Pois/Air  0%         N/A       100%        3
 Vampiric Draining        Necr           0%         2d6       100%        3
 Agony                    Necr           0%         N/A       100%        5
 Freezing Cloud           Conj/Ice/Air   0%         6-21      100%        5


Dungeon Overview and Level Annotations

Branches:
Dungeon (3/15)

Altars:
Elyvilon


Innate Abilities, Weirdness & Mutations

Armour fits poorly on your strangely shaped body.
You have extremely tough skin. (AC +3)
You have a long armoured tail.
You roll when moving toward enemies. (Rampage)
Your long tongue fully drains potion bottles. (2x potion effects)


Message History

Press: ? - help, Q - select action, (/) - cycle Shift-Dir - straight line, f - ice beast
Aim: an ice beast (50% to hit)
You throw a poisoned dart. The poisoned dart hits the ice beast.
Throw: 8 darts (poison)
Press: ? - help, Q - select action, (/) - cycle Shift-Dir - straight line, f/p - ice beast
Aim: an ice beast (50% to hit)
You throw a poisoned dart.
The poisoned dart closely misses the ice beast.
Throw: 7 darts (poison)
Press: ? - help, Q - select action, (/) - cycle Shift-Dir - straight line, f/p - ice beast
Aim: an ice beast (50% to hit)
You throw a poisoned dart.
The poisoned dart barely misses the ice beast.
You hit the ice beast but do no damage. You block the ice beast's attack.
You barely miss the ice beast.
The ice beast hits you but does no damage.
You hit the ice beast.
The ice beast is lightly wounded.
The ice beast hits you. The ice beast freezes you! The ice beast hits you.
The ice beast freezes you!
* * * LOW HITPOINT WARNING * * *
Okay, then.
You completely miss the ice beast.
The ice beast is lightly wounded.
The ice beast hits you but does no damage.
You hit the ice beast.
The ice beast is moderately wounded.
You block the ice beast's attack.
You barely miss the ice beast. You tail-slap the ice beast.
The ice beast is heavily wounded.
The ice beast barely misses you.
You hit the ice beast but do no damage.
The ice beast is heavily wounded.
The ice beast hits you but does no damage. x2
You closely miss the ice beast.
The ice beast is heavily wounded.
The ice beast hits you.
* * * LOW HITPOINT WARNING * * *
The ice beast freezes you.
You die...

#.....###..>##. #.#..##
##..... #.#.## #..##.
#.#.# #...#. #.#.##
#..... ..##.## ##.....
###(######.##..###...###
..((..Y.##.##.#...#.####
#@##.##.##.##.....
#.##.##.##)#######
#.##.##.##.# ####
#....)..##.# #...
##################
#................
#..#...#...#...#.
#_...............
#..#...#...#...#.


You could see an ice beast.

Vanquished Creatures
  A gnoll (D:1)
  3 worms
  2 dart slugs
  An orc (D:3)
  7 ball pythons
  An endoplasm (D:1)
  4 giant cockroaches
  7 goblins
  6 hobgoblins
  6 kobolds
  A quokka (D:1)
  7 bats
  3 frilled lizards
  5 rats
54 creatures vanquished.

Notes
Turn   | Place    | Note
-------+----------+-------------------------------------------
     0 | D:1      | olourkin the Armataur Fighter began the quest for the Orb.
     0 | D:1      | Reached XP level 1. HP: 17/17 MP: 1/1
     1 | D:1      | Noticed a demonspawn
     6 | D:1      | Noticed a demigod
    13 | D:1      | Noticed an octopode
    17 | D:1      | Noticed a felid
    19 | D:1      | Noticed a barachi
    43 | D:1      | Reached skill level 2 in Maces & Flails
    70 | D:1      | Reached XP level 2. HP: 20/23 MP: 2/2
    97 | D:1      | Reached skill level 3 in Maces & Flails
   286 | D:1      | Reached XP level 3. HP: 28/28 MP: 3/3
   639 | D:2      | Found a faded altar of an unknown god.
  1315 | D:3      | Found a white marble altar of Elyvilon.
  1392 | D:3      | Reached skill level 4 in Maces & Flails
  1392 | D:3      | Reached XP level 4. HP: 34/34 MP: 4/4
  1568 | D:3      | Noticed an ice beast
  1579 | D:3      | Slain by an ice beast

Illustrated notes

Levels and vault maps discovered:
D:1:      shiori_arrival_whats_in_store_for_you, layout_rooms,
          minmay_tetromino_l2
D:2:      wander_river, layout_loops_ring, ebering_ecumenical_altar_sacrificial
D:3:      layout_loops_ring, lemuel_coloured_pillars_altar

Skill      XL: |  1  2  3 |
---------------+----------+-----
Maces & Flails | 2 3 4 |  4.1
Fighting       | |  2.6
Armour         | |  3.6
Shields        | |  3.2

Action                     |  1- 3 |  4- 6 || total
---------------------------+-------+-------++-------
  Melee: Flail             |    29 |       ||    29
         Tailslap          |     4 |     2 ||     6
         Mace              |    94 |    21 ||   115
  Throw: Stone             |     7 |       ||     7
         Dart              |       |     3 ||     3
    Use: Potion            |     1 |       ||     1
 Armour: Scale mail        |    62 |    11 ||    73
  Dodge: Dodged            |    37 |     4 ||    41
  Block: Buckler           |     2 |       ||     2
         Kite shield       |    40 |     4 ||    44

Table legend: (Time is in decaauts)
 A = Elapsed time spent in this place.
 B = Non-inter-level travel time spent in this place.
 C = Inter-level travel time spent in this place.
 D = Time resting spent in this place.
 E = Time spent auto-exploring this place.
 F = Levels seen in this place.
 G = Mean time per level.
                   A        B        C        D        E       F      G
               +--------+--------+--------+--------+--------+-----+--------+
         Total |   1628 |   1548 |     80 |     72 |    959 |   3 |  542.7 |
       Dungeon |   1628 |   1548 |     80 |     72 |    959 |   3 |  542.7 |
               +--------+--------+--------+--------+--------+-----+--------+

Top non-repeatable levels by time:
     D:2: 703 daAuts
     D:1: 633 daAuts
     D:3: 291 daAuts
